 Dungeon Crawl Stone Soup version 0.28.0 (webtiles) character file.

Game seed: 4793720058981615970

956 themarg the Caller (level 6, -8/44 HPs)
             Began as a Merfolk Summoner on Feb 11, 2022.
             Was a Believer of Ru.
             Killed by an exploding themself (48 damage)
             ... ignited by their inner flame
             ... on level 6 of the Dungeon.
             The game lasted 00:34:38 (8549 turns).

themarg the Caller (Merfolk Summoner)               Turns: 8549, Time: 00:34:40

Health: -8/44      AC:  6    Str:  8    XL:     6   Next: 14%
Magic:  13/13      EV: 13    Int: 16    God:    Ru [**....]
Gold:   181        SH:  0    Dex: 15    Spells: 8/15 levels left

rFire   . . .      SeeInvis .   D - +0 trident
rCold   . . .      Faith    .   (no shield)
rNeg    . . .      Spirit   .   p - +2 animal skin
rPois   .          Reflect  .   q - +0 helmet
rElec   .          Harm     .   (no cloak)
rCorr   .          Rampage  .   (no gloves)
Will    .....                   k - +0 pair of boots
Stlth   +++.......              z - amulet of magic regeneration
HPRegen 0.14/turn               (no ring)
MPRegen 0.53/turn               (no ring)

@: no status effects
A: inexperienced 1, (nimble swimmer 2), mertail
a: Renounce Religion


You were on level 6 of the Dungeon.
You worshipped Ru.
Ru was pleased with you.
You visited 2 branches of the dungeon, and saw 7 of its levels.
You also visited: Sewer.

You collected 181 gold pieces.

Inventory:

Hand Weapons
 c - a +0 short sword
 t - a +1 dagger of venom
 C - a +1 dagger of flaming
 D - a +0 trident (weapon)
Missiles
 b - 273 stones (quivered)
 x - 5 poisoned darts
 y - 2 throwing nets
Armour
 a - a +0 robe
 k - a +0 pair of boots (worn)
 p - a +2 animal skin (worn)
 q - a +0 helmet (worn)
Jewellery
 z - an amulet of magic regeneration (around neck)
Wands
 m - a wand of iceblast (10)
Scrolls
 e - a scroll of amnesia {unknown}
 g - 2 scrolls of teleportation
 i - a scroll of immolation
 j - 2 scrolls of blinking
 n - 2 scrolls of vulnerability {unknown}
 w - a scroll of summoning {unknown}
 A - a scroll of enchant weapon {unknown}
Potions
 d - 2 potions of lignification
 f - 2 potions of degeneration {unknown}
 h - 2 potions of curing {unknown}
 l - 3 potions of flight
 o - a potion of haste {unknown}
 r - 3 potions of heal wounds
 s - a potion of ambrosia {unknown}
 u - 2 potions of mutation {unknown}
 v - a potion of might {unknown}
 B - 2 potions of resistance {unknown}


   Skills:
 + Level 2.0 Fighting
 + Level 4.5 Short Blades
 + Level 0.1 Polearms
 + Level 0.1 Throwing
 + Level 4.2 Dodging
 + Level 3.9 Stealth
 + Level 5.0 Spellcasting
 + Level 0.7 Hexes
 + Level 6.0 Summonings


You had 8 spell levels left.
You knew the following spells:

 Your Spells              Type           Power      Damage    Failure   Level
a - Summon Small Mammal   Summ           92%        N/A       1%          1
b - Call Canine Familiar  Summ           23%        N/A       3%          3
c - Summon Guardian Gole  Hex/Summ       14%        N/A       12%         3

Your spell library contained the following spells:

 Spells                   Type           Power      Damage    Failure   Level
 Call Imp                 Summ           23%        N/A       1%          2
 Tukima's Dance           Hex            6%         N/A       34%         3
 Summon Lightning Spire   Summ/Air       13%        N/A       41%         4
 Passage of Golubria      Tloc           4%         N/A       83%         4
 Yara's Violent Unravell  Hex/Tmut       2%         3d3       98%         5


Dungeon Overview and Level Annotations

Branches:
Dungeon (6/15)             Temple (1/1) D:4           Sewer (visited)

Altars:
Ashenzari
Cheibriados
Dithmenos
Elyvilon
Fedhas
Hepliaklqana
Kikubaaqudgha
Nemelex Xobeh
Okawaru
Qazlal
Ru
Uskayaw
Yredelemnul
The Shining One


Innate Abilities, Weirdness & Mutations

You are somewhat inexperienced. (-2 XL)
((You are very nimble when in or above water. (Stealth+, EV+, Speed+++)))
Your lower body shifts to a powerful aquatic tail in water.


Message History

Reach: D) +0 trident
Press: ? - help, Dir - move target, f/p - scorpion
Aim: a scorpion (heavily wounded, ally target, about 43% to evade your +0 trident)
You reach to attack!
You hit the scorpion but do no damage.
The scorpion is heavily wounded.
Your hound bites the scorpion but does no damage.
Your guardian golem overheats!
The scorpion stings your guardian golem.
Flame seeps out of your guardian golem.
Your hound closely misses the scorpion.
Your guardian golem is engulfed in blazing flames.
Flame seeps out of your guardian golem.
Reach: D) +0 trident
Press: ? - help, Dir - move target, f/p - scorpion
Aim: a scorpion (heavily wounded, ally target, about 43% to evade your +0 trident)
You reach to attack!
You closely miss the scorpion.
The scorpion is heavily wounded.
Your hound barely misses the scorpion.
The scorpion stings your guardian golem but does no damage.
Your hound barely misses the scorpion.
The scorpion stings your guardian golem but does no damage.
Your guardian golem is engulfed in blazing flames.
Flame seeps out of your guardian golem.
Reach: D) +0 trident
Press: ? - help, Dir - move target, f/p - scorpion
Aim: a scorpion (heavily wounded, ally target, about 43% to evade your +0 trident)
You reach to attack!
You hit the scorpion but do no damage.
The scorpion is heavily wounded.
Your hound bites the scorpion.
The scorpion stings your guardian golem but does no damage.
Your hound completely misses the scorpion.
Your guardian golem is engulfed in blazing flames.
Flame seeps out of your guardian golem.
The scorpion stings your guardian golem.
Your guardian golem disappears in a puff of smoke!
Your guardian golem explodes!
The fiery explosion engulfs the scorpion!!!
The scorpion dies!
The fiery explosion engulfs you!!!
Ouch! That really hurt!
You die...

### #.# #.# ###
#.# #.(.
#.######## #....
#........######..#
#...........@§..#
##..........°§.##
##.......h§§§.#
#..######....# #
#.## ##...# ## #.#
##..# .## #.# ..#
#.## ##.# .##
##.###..###... ##


You could see a friendly hound (summoned, sheltered).

Vanquished Creatures
  A scorpion (D:4)
  A water moccasin zombie (D:5)
  An orc priest (D:5)
  An iguana (D:5)
  A hell rat (Sewer)
  A nameless horror (D:4)
  A hound zombie (D:5)
  4 adders
  A shadow imp (D:5)
  A white imp (D:4)
  An ufetubus (D:4)
  2 worms
  5 dart slugs
  4 orcs
  2 ball pythons (D:1)
  5 endoplasms
  A giant cockroach (D:5)
  6 goblins
  7 hobgoblins
  2 jackals (D:1)
  4 quokkas
  2 bats
  3 frilled lizards
  4 kobolds
  9 rats
70 creatures vanquished.

Vanquished Creatures (collateral kills)
  Menkaure (D:4)
  4 orc priests
  2 orc wizards (D:5)
  An iguana (D:6)
  Natasha (D:4)
  Robin (D:2)
  A gnoll (D:1)
  A river rat (Sewer)
  An ufetubus (D:5)
  A worm (D:2)
  10 orcs
  5 ball pythons
  A giant cockroach (D:1)
  13 goblins
  3 hobgoblins
  A jackal (D:1)
  3 quokkas
  3 bats
  6 kobolds
  A rat (D:1)
60 creatures vanquished.

Vanquished Creatures (others)
  A sky beast (D:5)
  An ogre (D:5)
  A scorpion (D:6)
  A withered plant (D:3)
4 creatures vanquished.

Grand Total: 134 creatures vanquished

Notes
Turn   | Place    | Note
-------+----------+-------------------------------------------
     0 | D:1      | themarg the Merfolk Summoner began the quest for the Orb.
     0 | D:1      | Reached XP level 1. HP: 13/13 MP: 3/3
   526 | D:1      | Reached XP level 2. HP: 7/19 MP: 0/5
  1058 | D:1      | Reached XP level 3. HP: 9/24 MP: 6/6
  1370 | D:1      | Reached skill level 1 in Short Blades
  3044 | D:2      | Reached XP level 4. HP: 24/30 MP: 5/7
  3102 | D:2      | Learned a level 3 spell: Call Canine Familiar
  3106 | D:2      | Learned a level 3 spell: Summon Guardian Golem
  3188 | D:2      | Found a sparkling altar of Nemelex Xobeh.
  3250 | D:2      | Noticed Robin
  3294 | D:2      | Killed Robin
  4509 | D:3      | Found a faded altar of an unknown god.
  4822 | D:3      | Found an ancient bone altar of Kikubaaqudgha.
  5117 | D:4      | Reached XP level 5. HP: 36/36 MP: 5/9
  5171 | D:4      | Noticed Natasha
  5181 | D:4      | Killed Natasha
  5216 | D:4      | Found an iron altar of Okawaru.
  5421 | D:4      | Found a staircase to the Ecumenical Temple.
  5453 | Temple   | Entered the Ecumenical Temple
  5511 | Temple   | Became a worshipper of Ru the Awakened
  6162 | D:4      | Noticed Menkaure
  6195 | D:4      | Killed Menkaure
  6196 | D:4      | Reached skill level 5 in Summonings
  6196 | D:4      | Reached XP level 6. HP: 42/42 MP: 1/11
  6302 | D:4      | Reached skill level 1 in Fighting
  6609 | D:5      | Entered Level 5 of the Dungeon
  6626 | D:5      | Noticed a sky beast
  6638 | D:5      | Killed a sky beast
  6639 | D:5      | Reached XP level 7. HP: 43/48 MP: 5/13
  6974 | D:5      | Found a snail-covered altar of Cheibriados.
  7108 | D:5      | Found a glowing drain.
  7131 | Sewer    | Entered a sewer
  7864 | D:5      | Reached XP level 8. HP: 56/56 MP: 13/15
  8190 | D:5      | Reached skill level 6 in Summonings
  8453 | D:6      | Reached skill level 5 in Spellcasting
  8502 | D:6      | Gained mutation: You are somewhat inexperienced. (-2 XL)
                  | [Ru sacrifice]
  8502 | D:6      | Reached XP level 7. HP: 50/50 MP: 14/14
  8502 | D:6      | Reached XP level 6. HP: 44/44 MP: 13/13
  8502 | D:6      | Reached * piety under Ru
  8502 | D:6      | Reached ** piety under Ru
  8503 | D:6      | Found a shadowy altar of Dithmenos.
  8549 | D:6      | Killed by an exploding themself... ignited by their inner
                  | flame

Illustrated notes

Levels and vault maps discovered:
D:1:      amcnicky_arrival_flooded_fountain, layout_basic, dk_noncrumbling_2,
          minivault_27, minmay_misc_feat_columns, minmay_unequal
D:2:      layout_loops_ring, basic_altar, uniq_robin
D:3:      layout_rooms, lemuel_tele_altar, shapermc_ecumenical_altar_gd
D:4:      layout_basic, mainiacjoe_overflow_alcove_1, minmay_temple_entry_trees,
          minmay_liquid_box, kennysheep_potato, uniq_natasha, uniq_menkaure
D:5:      layout_rooms, kennysheep_slug_shrine, gup_sewer_entry_spiral
D:6:      layout_layer_cave, lemuel_round_altar, nicolae_overflow_squiral,
          general_overflow_altar, hangedman_decor_riveting, serial_bayou_ford_a,
          uniq_maggie
Temple:   nicolae_temple_figure_zero

Skill      XL: |  1  2  3  4  5  6  7  8 |
---------------+-------------------------+-----
Short Blades   | 1 2 3 4 |  4.5
Dodging        | 3 4 |  4.2
Spellcasting   | 3 4 5 |  5.0
Stealth        | 3 |  3.9
Summonings     | 5 6 |  6.0
Fighting       | 1 2 |  2.0
Polearms       | |  0.1
Throwing       | |  0.1
Hexes          | |  0.7

Action                   |  1- 3 |  4- 6 |  7- 9 || total
-------------------------+-------+-------+-------++-------
Melee: Short sword       |   142 |    55 |       ||   197
       Unarmed           |     6 |       |       ||     6
       Dagger            |       |    62 |    92 ||   154
       Tailslap          |       |     1 |     7 ||     8
       Trident           |       |     4 |    17 ||    21
       Punch             |       |       |     2 ||     2
Throw: Stone             |       |     2 |       ||     2
 Cast: Summon Small Mamm |    49 |    25 |     1 ||    75
       Call Canine Famil |       |    17 |    20 ||    37
       Summon Guardian G |       |     3 |     6 ||     9
Invok: Sacrifice Experie |       |     1 |       ||     1
  Use: Scroll            |       |     4 |     2 ||     6
 Stab: Sleeping          |     2 |     4 |     5 ||    11
       Distracted        |       |     1 |     1 ||     2
Armor: Robe              |    41 |    15 |       ||    56
       Animal skin       |       |    18 |    20 ||    38
Dodge: Dodged            |    97 |    80 |    49 ||   226
